 Dungeon Crawl Stone Soup version 0.28-a0-662-g1651b1f1e0 (webtiles) character file.

Game seed: 8755360713621830476

352 ytrimaz the Covered (level 6, -4/49 HPs)
             Began as a Formicid Fighter on Oct 15, 2021.
             Slain by Duvessa (5 damage)
             ... on level 4 of the Dungeon.
             The game lasted 00:05:54 (3889 turns).

ytrimaz the Covered (Formicid Fighter)              Turns: 3889, Time: 00:05:55

Health: -4/49      AC:  7    Str: 22    XL:     6   Next: 93%
Magic:  6/6        EV: 13    Int:  8    God:
Gold:   255        SH:  4    Dex: 10    Spells: 5/5 levels left

rFire   . . .      SeeInvis +   a - +0 war axe
rCold   . . .      Faith    .   c - +0 buckler
rNeg    . . .      Spirit   .   b - +0 scale mail
rPois   +          Reflect  .   (helmet unavailable)
rElec   .          Harm     .   (no cloak)
rCorr   .          Rampage  .   (no gloves)
Will    .....                   (no boots)
Stlth   ..........              (no amulet)
HPRegen 0.16/turn               o - +4 ring of evasion
MPRegen 0.10/turn               g - ring of poison resistance

@: mighty
A: permanent stasis, dig shafts and tunnels, antennae 3, four strong arms
a: Dig, Shaft Self


You were on level 4 of the Dungeon.
You visited 1 branch of the dungeon, and saw 4 of its levels.

You collected 255 gold pieces.

Inventory:

Hand Weapons
 a - a +0 war axe (weapon)
Armour
 b - a +0 scale mail (worn)
 c - a +0 buckler (worn)
Jewellery
 g - a ring of poison resistance (right hand)
 i - a ring of willpower
 o - a +4 ring of evasion (left hand)
Wands
 p - a wand of iceblast (5)
Scrolls
 e - 3 scrolls of holy word
 f - 3 scrolls of identify
 h - a scroll of immolation
Potions
 j - a potion of flight
 k - a potion of magic {unknown}
 n - a potion of brilliance


   Skills:
 + Level 4.6 Fighting
 + Level 5.0 Axes
 + Level 5.0 Armour
 - Level 3.6 Shields


You had 5 spell levels left.
You didn't know any spells.
Your spell library contained the following spells:

 Spells                   Type           Power      Damage    Failure   Level
 Static Discharge         Conj/Air       0%         N/A       85%         2
 Dispel Undead            Necr           0%         3d6       100%        4
 Sticky Flame             Conj/Fire      0%         2d3       100%        4


Dungeon Overview and Level Annotations

Branches:
Dungeon (4/15)
 Temple: D:4-7

Altars:
Gozag
Zin

Shops:
D:1 :!((

Annotations:
D:4 Dowan, Duvessa


Innate Abilities, Weirdness & Mutations

You cannot be hasted, slowed, berserked, paralysed or teleported.
You can dig through walls and to a lower floor.
You have a pair of large antennae on your head. (SInv)
Your four strong arms can wield two-handed weapons with a shield.


Message History

Unknown command.
You feel better. Duvessa hits you with a +0 short sword.
* * * LOW HITPOINT WARNING * * *
You closely miss Duvessa.
Duvessa is severely wounded.
Duvessa misses you. Duvessa hits you with a +0 short sword.
* * * LOW HITPOINT WARNING * * *
Unknown command.
It was a potion of heal wounds.
You feel much better. You block Duvessa's attack. x2
You barely miss Duvessa.
Duvessa is severely wounded.
Duvessa hits you with a +0 short sword! Duvessa hits you with a +0 short sword.
You hit Duvessa but do no damage.
Duvessa is severely wounded.
Duvessa says, "When magic and the sword combine, nothing stands against them."
Duvessa closely misses you.
You hit Duvessa but do no damage.
Duvessa is severely wounded.
Duvessa closely misses you. Duvessa hits you with a +0 short sword.
Unknown command.
You barely miss Duvessa.
Duvessa is severely wounded.
Duvessa barely misses you. Duvessa hits you with a +0 short sword.
Unknown command.
Your scale mail prevents you from hitting Duvessa.
Duvessa is severely wounded.
Duvessa hits you with a +0 short sword!
* * * LOW HITPOINT WARNING * * *
You block Duvessa's attack.
You feel better. Duvessa hits you with a +0 short sword.
* * * LOW HITPOINT WARNING * * *
You feel very mighty all of a sudden. Duvessa hits you with a +0 short sword!
* * * LOW HITPOINT WARNING * * *
Duvessa misses you.
You slash Duvessa!
Duvessa is almost dead.
Duvessa hits you with a +0 short sword.
You die...

###+##....................
##...#.##############
#...#.# ##...#.# +....#.#
##...#.# ###e#.# #e#.. #@#
#.# { #.# #.# #.# #.. ###


You could see Duvessa (fast) and Dowan.

Vanquished Creatures
  A sky beast (D:3)
  Natasha (thrice) (D:3)
  Robin (D:2)
  6 adders
  2 dart slugs
  4 orcs
  11 endoplasms
  5 giant cockroaches
  14 goblins
  14 hobgoblins
  8 jackals
  3 quokkas
  10 ball pythons
  5 bats
  6 frilled lizards
  8 kobolds
  11 rats
112 creatures vanquished.

Notes
Turn   | Place    | Note
-------+----------+-------------------------------------------
     0 | D:1      | ytrimaz the Formicid Fighter began the quest for the Orb.
     0 | D:1      | Reached XP level 1. HP: 18/18 MP: 1/1
    79 | D:1      | Reached XP level 2. HP: 24/24 MP: 2/2
   171 | D:1      | Reached XP level 3. HP: 17/30 MP: 3/3
   593 | D:1      | Found Coyreuck's Book Emporium.
   672 | D:1      | Found a faded altar of an unknown god.
   700 | D:1      | Found Bugeill's Antique Weapon Emporium.
   822 | D:1      | Found Ytuwuz's Weapon Shoppe.
   831 | D:1      | Reached XP level 4. HP: 35/37 MP: 4/4
  1025 | D:1      | Found Jonlay's Distillery.
  1730 | D:2      | Reached XP level 5. HP: 21/42 MP: 5/5
  2078 | D:2      | Noticed Robin
  2085 | D:2      | Killed Robin
  2657 | D:3      | Noticed Natasha
  2668 | D:3      | Killed Natasha
  2801 | D:3      | Noticed Natasha
  2811 | D:3      | Killed Natasha
  2812 | D:3      | Reached XP level 6. HP: 19/49 MP: 6/6
  2950 | D:3      | Noticed Natasha
  2961 | D:3      | Killed Natasha
  3005 | D:3      | Found a glowing silver altar of Zin.
  3061 | D:3      | Found an opulent altar of Gozag.
  3166 | D:3      | Noticed a sky beast
  3179 | D:3      | Killed a sky beast
  3180 | D:3      | Reached skill level 5 in Armour
  3242 | D:3      | Reached skill level 5 in Axes
  3860 | D:4      | Noticed Duvessa
  3860 | D:4      | Noticed Dowan
  3888 | D:4      | HP: 1/49 [Duvessa (10)]
  3889 | D:4      | Slain by Duvessa

Illustrated notes

Levels and vault maps discovered:
D:1:      erik_arrival_cave_to_civilisation [erik_arrival_cave_to_temple],
          layout_basic, serial_shops, shop, nicolae_square_shop,
          nicolae_shop_trees, shop, ebering_ecumenical_altar_ruins
D:2:      layout_loops_ring, st_stairs_3, minmay_increasing_density, uniq_robin
D:3:      layout_rooms, general_overflow_altar, amcnicky_altar_gilded,
          minmay_goblin_kobold_house, uniq_natasha
D:4:      layout_basic, uniq_crazy_yiuf_cottage, uniq_duvessa, uniq_ijyb

Skill      XL: |  1  2  3  4  5  6 |
---------------+-------------------+-----
Axes           | 3 4 5 |  5.0
Fighting       | 4 |  4.6
Armour         | 4 5 |  5.0
Shields        | |  3.6

Action                   |  1- 3 |  4- 6 || total
-------------------------+-------+-------++-------
Melee: War axe           |    89 |   188 ||   277
 Abil: Dig               |     2 |       ||     2
  Use: Scroll            |       |     5 ||     5
       Potion            |       |     4 ||     4
Armor: Scale mail        |    59 |    99 ||   158
Dodge: Dodged            |    48 |   120 ||   168
Block: Buckler           |    26 |    48 ||    74

Table legend: (Time is in decaauts)
 A = Elapsed time spent in this place.
 B = Non-inter-level travel time spent in this place.
 C = Inter-level travel time spent in this place.
 D = Time resting spent in this place.
 E = Time spent auto-exploring this place.
 F = Levels seen in this place.
 G = Mean time per level.
                   A        B        C        D        E       F      G
               +--------+--------+--------+--------+--------+-----+--------+
         Total |   3980 |   3853 |    127 |    330 |   2568 |   4 |  995.0 |
       Dungeon |   3980 |   3853 |    127 |    330 |   2568 |   4 |  995.0 |
               +--------+--------+--------+--------+--------+-----+--------+

Top non-repeatable levels by time:
     D:1: 1392 daAuts
     D:2: 1206 daAuts
     D:3: 1097 daAuts
     D:4: 285 daAuts
